 Dungeon Crawl Stone Soup version 0.26.1-12-g5ba1501909 (webtiles) character file.

Game seed: 1636816814775760305

6015 Zeld the Covert (level 10, 0/68 HPs)
             Began as an Octopode Brigand on Oct 25, 2021.
             Was a Believer of Fedhas.
             Slain by a wyvern (8 damage)
             ... on level 9 of the Dungeon on Oct 26, 2021.
             The game lasted 00:16:36 (15685 turns).

Zeld the Covert (Octopode Brigand)                 Turns: 15685, Time: 00:16:37

Health: 0/68       AC:  1    Str: 11    XL:     10   Next: 86%
Magic:  10/10      EV: 17    Int: 19    God:    Fedhas [**....]
Gold:   64         SH:  8    Dex: 16    Spells: 9/9 levels left

rFire    + . .     SeeInvis .   b - +4 dagger "Morg" {pain, Will+ Int+5}
rCold    . . .     Faith    .   m - +3 buckler
rNeg     . . .     Spirit   .   (helmet restricted)
rPois    +         Reflect  .   (no amulet)
rElec    .         Harm     .   J - ring of protection from fire
rCorr    .         Rampage  .   l - ring of poison resistance
Will     +....                  (no ring)
Stlth    ++++++....             (no ring)
HPRegen  0.21/turn              (no ring)
MPRegen  0.12/turn              (no ring)
                                (no ring)
                                (no ring)

@: no status effects
A: almost no armour, stealthy swim, amphibious, 8 rings, constrict 8, camouflage
1, gelatinous body 1
a: Renounce Religion, Wall of Briars


You were on level 9 of the Dungeon.
You worshipped Fedhas.
Fedhas was pleased with you.
You visited 2 branches of the dungeon, and saw 10 of its levels.
You also visited: Sewer, Ossuary and Bailey.

You collected 472 gold pieces.
You spent 408 gold pieces at shops.

Inventory:

Hand Weapons
 a - a +4 dagger
 b - the +4 dagger "Morg" (weapon) {pain, Will+ Int+5}
   (You found it in a bailey)

   In the hands of one skilled in necromantic magic, it inflicts extra damage on
   living creatures.
   It affects your intelligence (+5).
   It affects your willpower, your defense against some magical effects.
Missiles
 c - 13 poisoned darts (quivered)
 f - 2 curare-tipped darts
 r - a throwing net
Armour
 m - a +3 buckler (worn)
Jewellery
 l - a ring of poison resistance (right tentacle)
 J - a ring of protection from fire (left tentacle)
Wands
 j - a wand of iceblast (9)
Scrolls
 k - 2 scrolls of amnesia
 n - 6 scrolls of magic mapping
 p - 7 scrolls of teleportation
 s - 13 scrolls of remove curse
 t - 2 scrolls of blinking
 D - 3 scrolls of enchant armour
Potions
 d - 5 potions of brilliance
 g - 7 potions of curing
 h - 4 potions of flight
 i - 4 potions of heal wounds
 v - a potion of berserk rage
 w - 2 potions of haste
 z - a potion of invisibility
 A - 3 potions of might
 B - a potion of degeneration {unknown}
 E - 2 potions of resistance {unknown}
 F - 5 potions of mutation {unknown}
 G - a potion of magic {unknown}


   Skills:
 + Level 6.1 Fighting
 * Level 8.6 Short Blades
 - Level 6.0 Throwing
 + Level 5.8 Dodging
 * Level 12.5 Stealth
 - Level 4.0 Shields


You had 9 spell levels left.
You didn't know any spells.
Your spell library contained the following spells:

 Spells                   Type           Power        Failure   Level
 Sting                    Tmut/Pois      0%           21%         1
 Poisonous Vapours        Pois/Air       0%           30%         2
 Confusing Touch          Hex            0%           52%         3
 Gell's Gravitas          Tloc           0%           52%         3
 Ignite Poison            Fire/Tmut/Pois 0%           52%         3
 Mephitic Cloud           Conj/Pois/Air  0%           52%         3
 Olgreb's Toxic Radiance  Pois           0%           90%         4
 Petrify                  Tmut/Erth      0%           90%         4
 Metabolic Englaciation   Hex/Ice        0%           99%         5
 Yara's Violent Unravell  Hex/Tmut       0%           99%         5


Dungeon Overview and Level Annotations

Branches:
Dungeon (9/15)             Temple (1/1) D:6           Sewer (visited)
Ossuary (visited)          Bailey (visited)
   Lair: D:8-11         Orc: D:9-12

Altars:
Ashenzari
Cheibriados
Dithmenos
Elyvilon
Fedhas
Gozag
Hepliaklqana
Kikubaaqudgha
Makhleb
Nemelex Xobeh
Okawaru
Qazlal
Ru
Sif Muna
Trog
Uskayaw
Vehumet
Wu Jian
Xom
Yredelemnul
Zin
The Shining One

Shops:
D:5 ?   D:8 ?


Innate Abilities, Weirdness & Mutations

You cannot wear most types of armour.
You are very stealthy in the water. (Stealth+)
You are amphibious.
You can wear up to eight rings at the same time.
You can use your tentacles to constrict eight enemies at once.
Your skin changes colour to match your surroundings (Stealth+).
Your rubbery body absorbs attacks. (AC +1, EV +1)


Message History

You hit the wyvern.
The wyvern is moderately wounded.
You hit the wyvern.
The wyvern is moderately wounded.
The wyvern misses you.
You closely miss the wyvern.
The wyvern is moderately wounded.
The wyvern bites you!
You closely miss the wyvern. You squeeze the wyvern!
The wyvern is severely wounded.
The wyvern closely misses you.
You hit the wyvern. Your squeeze misses the wyvern.
The wyvern is severely wounded.
The wyvern bites you!!
* * * LOW HITPOINT WARNING * * *
You barely miss the wyvern.
The wyvern is severely wounded.
The wyvern bites you!
You die...
Fedhas appreciates your contribution to the ecosystem.

.......#............
.......#............ #.
.......#............
#.######..#............
#.#....#..#............
#.#....# ####.........
#.#....#.....#.........
###.#....#.....#.........
#...#).l@#.....#...######
#..('....#....##...#....#
#...###.)#....#....+....'
#...>.####....#....#....#
#.............#....######
#......†......#..........
#.....)###+#..#.......###
###)...'(..#..#....[..#..
#...)#...#..#.......#..


You could see a wyvern.

Vanquished Creatures
  Harold (D:8)
  2 orc knights (Bailey)
  Joseph (D:8)
  Sigmund (D:2)
  A black bear (D:6)
  A necrophage (D:5)
  2 ice beasts (D:8)
  5 sky beasts
  3 orc warriors (Bailey)
  A phantom (D:6)
  2 ogres (D:8)
  A centaur (D:7)
  6 big kobolds
  3 bullfrogs (D:8)
  13 scorpions
  A howler monkey (D:6)
  2 jellies
  A bullfrog zombie (D:9)
  A centaur zombie (Ossuary)
  2 hounds
  2 human zombies (Ossuary)
  A gnoll shaman (D:5)
  4 orc priests
  4 iguanas
  5 orc wizards
  5 worker ants
  A hound zombie (D:5)
  2 hound skeletons (D:4)
  4 mummies
  A worker ant zombie (D:6)
  4 gnolls (D:4)
  9 adders
  A howler monkey skeleton (D:6)
  4 scorpion zombies (Ossuary)
  3 white imps
  2 ufetubi
  4 oozes
  3 dart slugs (D:1)
  4 leopard geckos
  30 orcs
  3 ball pythons
  6 bats
  7 giant cockroaches
  A gnoll zombie (Ossuary)
  5 goblins
  2 hobgoblins (D:2)
  15 jackals
  2 quokkas
  4 frilled lizards
  2 goblin zombies (Ossuary)
  5 hobgoblin zombies
  20 kobolds
  3 kobold zombies (Ossuary)
  3 orc zombies (Ossuary)
  A quokka skeleton (D:6)
  9 rats
  A spectral orc (D:3)
232 creatures vanquished.

Vanquished Creatures (others)
  A fungus (Sewer)
  A plant (Sewer)
2 creatures vanquished.

Grand Total: 234 creatures vanquished

Notes
Turn   | Place    | Note
-------+----------+-------------------------------------------
     0 | D:1      | Zeld the Octopode Brigand began the quest for the Orb.
     0 | D:1      | Reached XP level 1. HP: 14/14 MP: 1/1
    92 | D:1      | Reached XP level 2. HP: 14/19 MP: 2/2
   433 | D:1      | Reached XP level 3. HP: 16/24 MP: 3/3
   977 | D:2      | Noticed Sigmund
   980 | D:2      | Killed Sigmund
   981 | D:2      | Reached skill level 6 in Stealth
   981 | D:2      | Reached XP level 4. HP: 30/30 MP: 4/4
   981 | D:2      | Reached XP level 5. HP: 35/35 MP: 5/5
  1256 | D:2      | Reached XP level 6. HP: 36/41 MP: 6/6
  2068 | D:3      | Found a bloodstained altar of Trog.
  2237 | D:3      | Found a basalt altar of Yredelemnul.
  3046 | D:4      | Reached skill level 7 in Stealth
  3093 | D:4      | Reached skill level 1 in Shields
  3859 | D:5      | Entered Level 5 of the Dungeon
  3875 | D:5      | Noticed a necrophage
  3884 | D:5      | Killed a necrophage
  3885 | D:5      | Reached XP level 7. HP: 32/46 MP: 7/7
  5128 | D:5      | Found Vouraw's Magic Scroll Emporium.
  5137 | D:5      | Bought a scroll of magic mapping for 35 gold pieces
  5137 | D:5      | Bought a scroll of enchant armour for 75 gold pieces
  5137 | D:5      | Bought a scroll of remove curse for 30 gold pieces
  5137 | D:5      | Bought a scroll of teleportation for 30 gold pieces
  5137 | D:5      | Bought a scroll of magic mapping for 35 gold pieces
  5137 | D:5      | Bought a scroll of fog for 20 gold pieces
  5714 | D:6      | Found a glowing drain.
  5723 | Sewer    | Entered a sewer
  5880 | Sewer    | Reached XP level 8. HP: 52/52 MP: 8/8
  5881 | Sewer    | Reached skill level 8 in Stealth
  6245 | Sewer    | Reached skill level 5 in Short Blades
  6310 | D:6      | Found a staircase to the Ecumenical Temple.
  6356 | D:6      | Found a sand-covered staircase.
  6363 | Ossuary  | Entered an ossuary
  6791 | Ossuary  | Reached skill level 5 in Throwing
  8135 | Ossuary  | Reached skill level 9 in Stealth
  8150 | Ossuary  | Reached XP level 9. HP: 46/58 MP: 9/9
  8914 | Temple   | Entered the Ecumenical Temple
  9078 | Temple   | Became a worshipper of Fedhas Madash
 10434 | D:5      | Bought a scroll of enchant armour for 75 gold pieces
 10755 | D:7      | Found a radiant altar of Vehumet.
 11142 | D:8      | Found a flagged portal.
 11154 | Bailey   | Entered a bailey
 11412 | Bailey   | Reached skill level 10 in Stealth
 11459 | Bailey   | Noticed an orc knight
 11498 | Bailey   | Killed an orc knight
 11511 | Bailey   | Reached skill level 5 in Fighting
 11604 | Bailey   | Noticed an orc knight
 11762 | Bailey   | Killed an orc knight
 11763 | Bailey   | Reached skill level 5 in Dodging
 11763 | Bailey   | Reached skill level 11 in Stealth
 11763 | Bailey   | Reached XP level 10. HP: 41/66 MP: 10/10
 11912 | Bailey   | Found the +4 dagger "Morg" {pain, Will+ Int+5}
 12063 | D:8      | Reached * piety under Fedhas
 13310 | D:8      | Noticed Harold
 13378 | D:8      | Found Aripa's Magic Scroll Shop.
 13382 | D:8      | Bought a scroll of identify for 24 gold pieces
 13382 | D:8      | Bought a scroll of identify for 24 gold pieces
 13382 | D:8      | Bought a scroll of identify for 24 gold pieces
 13382 | D:8      | Bought a scroll of teleportation for 36 gold pieces
 14614 | D:8      | Killed Harold
 14615 | D:8      | Reached skill level 12 in Stealth
 14882 | D:8      | Noticed Joseph
 14884 | D:8      | Killed Joseph
 15581 | D:9      | Reached ** piety under Fedhas
 15685 | D:9      | Slain by a wyvern

Illustrated notes

Levels and vault maps discovered:
D:1:      minmay_arrival_shoal_huts, layout_basic
D:2:      layout_loops_ring, uniq_sigmund
D:3:      layout_basic, yredelemnul_forgotten_temple_becter,
          hangedman_decor_opposing, serial_bayou_pond_e,
          amcnicky_mini_rare_corridor_liquid, bloody_trog
D:4:      layout_loops_corners
D:5:      layout_basic, serial_shops, kennysheep_little_box, eino_curves_03,
          minmay_chambers_of_fives
D:6:      layout_basic, temple_statues, portal_sewer_entry_b,
          nicolae_ossuary_entry_giza
D:7:      layout_rooms, general_overflow_altar, nicolae_underground_beach
D:8:      layout_basic, serial_shops, nicolae_shop_trees, enter_bailey_5,
          uniq_harold, uniq_joseph
D:9:      layout_irregular_city, uniq_pikel, uniq_psyche
Temple:   regret_index_temple_chain_breaker

Skill      XL: |  1  2  3  4  5  6  7  8  9 10 |
---------------+-------------------------------+-----
Short Blades   | 3 4 5 7 8 |  8.6
Throwing       | 3 4 5 6 |  6.0
Stealth        | 6 7 9 11 12 | 12.5
Dodging        | 2 3 5 |  5.8
Fighting       | 3 4 5 6 |  6.1
Shields        | 1 2 4 |  4.0

Action                   |  1- 3 |  4- 6 |  7- 9 | 10-12 || total
-------------------------+-------+-------+-------+-------++-------
Melee: Dagger            |    45 |    94 |   443 |   227 ||   809
       Constrict         |    11 |    19 |    88 |    37 ||   155
       Tentacles         |     6 |    19 |   108 |    46 ||   179
Throw: Dart              |       |       |    27 |    11 ||    38
       Throwing net      |       |       |       |     1 ||     1
Evoke: Wand              |       |       |     4 |     9 ||    13
  Use: Scroll            |       |       |    17 |     7 ||    24
       Potion            |       |       |     2 |     3 ||     5
 Stab: Sleeping          |     9 |    15 |    20 |    12 ||    56
       Distracted        |       |     1 |     1 |       ||     2
Armor: Skin              |       |     5 |    10 |     2 ||    17
Dodge: Dodged            |    34 |    35 |   215 |    84 ||   368
Block: Buckler           |       |    15 |   124 |    54 ||   193
